 Seeded DCSS version 0.28-a0-823-gb444dcf96d (webtiles) character file.

Game seed: 5494768922653061978 (custom seed)

16 croobank the Vexing (level 2, -5/11 HPs)
             Began as a Felid Enchanter on Nov 9, 2021.
             Killed from afar by Natasha (6 damage)
             ... with a magic dart
             ... on level 2 of the Dungeon.
             The game lasted 00:08:57 (1842 turns).

croobank the Vexing (Felid Enchanter)               Turns: 1842, Time: 00:08:57

Health: -5/11      AC:  1    Str:  4    XL:     2   Next: 37%
Magic:  1/6        EV: 17    Int: 16    God:
Gold:   19         SH:  0    Dex: 16    Spells: 3/5 levels left
                                        Lives:  0   Deaths: 0

rFire   . . .      SeeInvis +     - Unarmed
rCold   . . .      Faith    .   (shield unavailable)
rNeg    . . .      Spirit   .   (armour unavailable)
rPois   .          Reflect  .   (helmet unavailable)
rElec   .          Harm     .   (cloak unavailable)
rCorr   .          Rampage  .   (gloves unavailable)
Will    .....                   (boots unavailable)
Stlth   +++.......              (no amulet)
HPRegen 0.03/turn               (no ring)
MPRegen 0.10/turn               (no ring)

@: quick
A: very small, claws 1, fangs 3, see invisible, speed 1, shaggy fur 1, stealthy
paws, no weapons or thrown items, no armour, multi-lived
a: no special abilities


You were on level 2 of the Dungeon.
You visited 1 branch of the dungeon, and saw 2 of its levels.

You collected 19 gold pieces.

Inventory:

Missiles
 d - 33 stones
Scrolls
 b - a scroll of noise {unknown}
 e - a scroll of identify {unknown}
Potions
 a - a potion of invisibility


   Skills:
 + Level 3.0 Dodging
 + Level 4.4 Stealth
 + Level 1.1 Unarmed Combat
 + Level 2.1 Spellcasting
 + Level 4.7 Hexes


You had 3 spell levels left.
You knew the following spells:

 Your Spells              Type           Power      Damage    Failure   Level
a - Ensorcelled Hibernat  Hex/Ice        18%        N/A       12%         2

Your spell library contained the following spells:

 Spells                   Type           Power      Damage    Failure   Level
 Confusing Touch          Hex            16%        N/A       9%          3
 Tukima's Dance           Hex            16%        N/A       9%          3
 Dazzling Flash           Conj/Hex       18%        N/A       24%         3
 Call Canine Familiar     Summ           1%         N/A       52%         3
 Leda's Liquefaction      Hex/Erth       4%         N/A       61%         4
 Portal Projectile        Hex/Tloc       Unusable   N/A       N/A         3

Dungeon Overview and Level Annotations

Branches:
Dungeon (2/15)

Altars:

Annotations:
D:2 Natasha


Innate Abilities, Weirdness & Mutations

You have sharp claws.
You have razor-sharp teeth.
You have supernaturally acute eyesight. (SInv)
You cover ground quickly. (Speed+)
You are covered in fur. (AC +1)
Your paws help you pounce on unaware monsters.
You are incapable of wielding weapons or throwing items.
You cannot wear armour.
You gain extra lives every three experience levels.


Message History

Natasha resists with some effort.
Casting: Ensorcelled Hibernation (safe; 12% risk of failure)
Confirm with . or Enter, or press ? or * to list all spells.
Aiming: Ensorcelled Hibernation (safe; 12% risk of failure)
Press: ? - help, Shift-Dir - straight line, f/p - Natasha
Aim: Natasha (chance to affect: 40%) Natasha looks drowsy...
The hobgoblin shouts!
The hobgoblin misses you.
You scratch the hobgoblin but do no damage.
The hobgoblin barely misses you.
Natasha hisses angrily.
You scratch the hobgoblin. Your bite misses the hobgoblin.
The hobgoblin is moderately wounded.
The hobgoblin hits you. Natasha misses you.
You scratch the hobgoblin but do no damage.
You bite the hobgoblin, but do no damage.
The hobgoblin is moderately wounded.
The hobgoblin completely misses you. Natasha misses you.
You see here a +0 mace.
You scratch the hobgoblin.
The hobgoblin is almost dead.
You scratch the hobgoblin.
You kill the hobgoblin!
Your Dodging skill increases to level 3!
Okay, then.
As you read the scroll labelled ATOSOG QOLUICS, it crumbles to dust.
It is a scroll of enchant weapon.
You aren't carrying any weapons that can be enchanted.
Natasha claws you!
Ouch! That really hurt!
* * * LOW HITPOINT WARNING * * *
You see here a +0 cloak.
Casting: Ensorcelled Hibernation (safe; 12% risk of failure)
Confirm with . or Enter, or press ? or * to list all spells.
You don't have enough magic to cast this spell.
Natasha stares at you and mumbles some strange words.
The magic dart hits you.
Ouch! That really hurt!
You die...

#. #. #. #..#.#
#..#.########.#
###..#.##........
.........@......#
..........#######
###.#.h### #.#.[#
#.#..# #.#
#.#).## #.#
##.$...# #.#
#..#...# #.#
#..#.......


You could see Natasha.

Vanquished Creatures
  2 endoplasms (D:1)
  2 goblins (D:1)
  4 hobgoblins
  A quokka (D:2)
  2 ball pythons (D:1)
  A frilled lizard (D:1)
  2 rats (D:1)
14 creatures vanquished.

Notes
Turn   | Place    | Note
-------+----------+-------------------------------------------
     0 | D:1      | croobank the Felid Enchanter began the quest for the Orb.
     0 | D:1      | Reached XP level 1. HP: 7/7 MP: 4/4
  1227 | D:1      | Reached XP level 2. HP: 9/11 MP: 6/6
  1345 | D:1      | Found a faded altar of an unknown god.
  1750 | D:2      | Learned a level 2 spell: Ensorcelled Hibernation
  1825 | D:2      | Noticed Natasha
  1842 | D:2      | Killed from afar by Natasha

Illustrated notes

Levels and vault maps discovered:
D:1:      kennysheep_arrival_seaside, layout_basic, basic_ecumenical_altar
D:2:      layout_loops_ring, bh_walls_and_bars, uniq_terence, uniq_natasha

Skill      XL: |  1  2 |
---------------+-------+-----
Dodging        | 3 |  3.0
Stealth        | |  4.4
Unarmed Combat | |  1.1
Spellcasting   | |  2.1
Hexes          | |  4.7

Action                   || total
-------------------------++-------
Melee: Unarmed           ||    35
       Bite              ||     3
 Cast: Ensorcelled Hiber ||     3
  Use: Scroll            ||     1
 Stab: Sleeping          ||     6
Dodge: Dodged            ||    23

Table legend: (Time is in decaauts)
 A = Elapsed time spent in this place.
 B = Non-inter-level travel time spent in this place.
 C = Inter-level travel time spent in this place.
 D = Time resting spent in this place.
 E = Time spent auto-exploring this place.
 F = Levels seen in this place.
 G = Mean time per level.
                   A        B        C        D        E       F      G
               +--------+--------+--------+--------+--------+-----+--------+
         Total |   1694 |   1694 |      0 |    992 |    343 |   2 |  847.0 |
       Dungeon |   1694 |   1694 |      0 |    992 |    343 |   2 |  847.0 |
               +--------+--------+--------+--------+--------+-----+--------+

Top non-repeatable levels by time:
     D:1: 1177 daAuts
     D:2: 517 daAuts
